MWL (24 & UNDER)
WISCONSIN RAPIDS RANGERS @ MANHATTEN MEATHEADS
08/13/2024
 
TOP OF THE 1ST
Wisconsin Rapids Rangers batting - Pitching for Manhatten Meatheads : LHP Juan Mendoza
Pitching: LHP Juan Mendoza
Batting: RHB Troy Reed 0-0: Ball
1-0: Foul Ball, location: 2F
1-1: Swinging Strike
1-2: Ball
2-2: Strikes out swinging
Batting: SHB Ricardo Arévalo 0-0: Ball
1-0: Ball
2-0: Called Strike
2-1: Ball
3-1: Ground out 4-3 (Groundball, 4)
Batting: RHB Paul Richard 0-0: Ball
1-0: Foul Ball, location: 2F
1-1: Ground out 5-3 (Groundball, 56)
Top of the 1st over - 0 run(s), 0 hit(s), 0 error(s), 0 left on base; Wisconsin Rapids 0 - Manhatten 0
BOTTOM OF THE 1ST
Manhatten Meatheads batting - Pitching for Wisconsin Rapids Rangers : LHP George Moore
Pitching: LHP George Moore
Batting: SHB Vitaliano Capuana 0-0: Swinging Strike
0-1: Fly out, F9 (Flyball, 9D)
Batting: RHB Greg Lee 0-0: Ball
1-0: Foul Ball, location: 2F
1-1: Ball
2-1: Fly out, F8 (Flyball, 89M)
Batting: RHB Juan Reyes 0-0: Called Strike
0-1: Ball
1-1: SINGLE (Line Drive, 56D)
Batting: RHB Claudio Gonzáles 0-0: Ball
1-0: Ball
2-0: Ground out 5-3 (Groundball, 5S)
Bottom of the 1st over - 0 run(s), 1 hit(s), 0 error(s), 1 left on base; Wisconsin Rapids 0 - Manhatten 0
TOP OF THE 2ND
Wisconsin Rapids Rangers batting - Pitching for Manhatten Meatheads : LHP Juan Mendoza
Batting: RHB Danny Campbell 0-0: Ground out 6-3 (Groundball, 56)
Batting: RHB John Denton 0-0: Ball
1-0: SINGLE (Groundball, 56D)
Batting: RHB Dick Slagboom 0-0: Ball
1-0: Grounds into double play, 4-6-3 (Groundball, 4)
Top of the 2nd over - 0 run(s), 1 hit(s), 0 error(s), 0 left on base; Wisconsin Rapids 0 - Manhatten 0
BOTTOM OF THE 2ND
Manhatten Meatheads batting - Pitching for Wisconsin Rapids Rangers : LHP George Moore
Batting: RHB Alfredo Díaz 0-0: Ball
1-0: Foul Ball, location: 2F
1-1: Ball
2-1: Ball
3-1: Foul Ball, location: 2F
3-2: Foul Ball, location: 2F
3-2: Base on Balls
Batting: RHB Doug Coleman 0-0: Ball
1-0: Called Strike
1-1: Grounds into double play, 5-4-3 (Groundball, 56)
Batting: SHB Kent Phillips 0-0: Swinging Strike
0-1: Foul Ball, location: 2F
0-2: Strikes out swinging
Bottom of the 2nd over - 0 run(s), 0 hit(s), 0 error(s), 0 left on base; Wisconsin Rapids 0 - Manhatten 0
TOP OF THE 3RD
Wisconsin Rapids Rangers batting - Pitching for Manhatten Meatheads : LHP Juan Mendoza
Batting: LHB Alex Henderson 0-0: Ball
1-0: Ball
2-0: Fly out, F7 (Flyball, 7M)
Batting: RHB Cherles Vilo 0-0: Ball
1-0: Ball
2-0: Ball
3-0: Called Strike
3-1: Foul Ball, location: 2F
3-2: Strikes out swinging
Batting: RHB Robert Acosta 0-0: Fly out, F8 (Line Drive, 8LM)
Top of the 3rd over - 0 run(s), 0 hit(s), 0 error(s), 0 left on base; Wisconsin Rapids 0 - Manhatten 0
BOTTOM OF THE 3RD
Manhatten Meatheads batting - Pitching for Wisconsin Rapids Rangers : LHP George Moore
Batting: SHB Will Evans 0-0: Foul Ball, location: 2F
0-1: Ball
1-1: Ball
2-1: SINGLE (Line Drive, 7LM)
Batting: RHB Denver Baker 0-0: Ball
1-0: Ball
2-0: SINGLE (Line Drive, 6D)
Will Evans to second
Batting: SHB Vitaliano Capuana 0-0: Foul Ball, location: 2F
0-1: Ground out 5-3 (Groundball, 5S)
Will Evans to third
Denver Baker to second
Batting: RHB Greg Lee 0-0: Ball
1-0: Fly out, F7 (Flyball, 78M)
Runner from 3rd tags up, SCORES, no throw
Batting: RHB Juan Reyes 0-0: Ball
1-0: Foul Ball, location: 2F
1-1: Called Strike
1-2: Fly out, F8 (Flyball, 8LS)
Bottom of the 3rd over - 1 run(s), 2 hit(s), 0 error(s), 1 left on base; Wisconsin Rapids 0 - Manhatten 1
TOP OF THE 4TH
Wisconsin Rapids Rangers batting - Pitching for Manhatten Meatheads : LHP Juan Mendoza
Batting: RHB Troy Reed 0-0: Called Strike
0-1: Ball
1-1: Called Strike
1-2: Ball
2-2: Foul Ball, location: 2F
2-2: Foul Ball, location: 2F
2-2: Foul Ball, location: 2F
2-2: Ball
3-2: Strikes out looking
Batting: SHB Ricardo Arévalo 0-0: Ball
1-0: Ball
2-0: Called Strike
2-1: Ball
3-1: Base on Balls
Batting: RHB Paul Richard 0-0: Foul Ball, location: 2F
0-1: Ball
1-1: Ball
2-1: Ball
3-1: SINGLE (Groundball, 13) (infield hit)
Ricardo Arévalo to second
Batting: RHB Danny Campbell 0-0: Called Strike
0-1: Foul Ball, location: 2F
0-2: Ball
1-2: Strikes out swinging
Batting: RHB John Denton 0-0: Ball
1-0: SINGLE (Flyball, 9LS)
Ricardo Arévalo to third
Paul Richard to second
Runner from 3rd tries for Home, SAFE, throw made at trailing runner, SAFE at third!
Batting: RHB Dick Slagboom 0-0: Ball
1-0: Called Strike
1-1: Called Strike
1-2: Ball
2-2: Fly out, F8 (Flyball, 8LM)
Top of the 4th over - 1 run(s), 2 hit(s), 0 error(s), 2 left on base; Wisconsin Rapids 1 - Manhatten 1
BOTTOM OF THE 4TH
Manhatten Meatheads batting - Pitching for Wisconsin Rapids Rangers : LHP George Moore
Batting: RHB Claudio Gonzáles 0-0: Ball
1-0: Foul Ball, location: 2F
1-1: Foul Ball, location: 2F
1-2: SINGLE (Groundball, 6MD)
Batting: RHB Alfredo Díaz 0-0: Swinging Strike
0-1: Ball
1-1: Foul Ball, location: 2F
1-2: Strikes out looking
Batting: RHB Doug Coleman 0-0: Ball
1-0: Ball
2-0: Ball
3-0: Called Strike
3-1: Foul Ball, location: 2F
3-2: Foul Ball, location: 2F
3-2: Foul Ball, location: 2F
3-2: Strikes out looking
Batting: SHB Kent Phillips 0-0: Ball
1-0: Ball
2-0: Ball
3-0: Base on Balls
Claudio Gonzáles to second
Batting: SHB Will Evans 0-0: Ball
1-0: Fly out, F9 (Flyball, 9M)
Bottom of the 4th over - 0 run(s), 1 hit(s), 0 error(s), 2 left on base; Wisconsin Rapids 1 - Manhatten 1
TOP OF THE 5TH
Wisconsin Rapids Rangers batting - Pitching for Manhatten Meatheads : LHP Juan Mendoza
Batting: LHB Alex Henderson 0-0: Swinging Strike
0-1: Foul Ball, location: 2F
0-2: Ball
1-2: Strikes out swinging
Batting: RHB Cherles Vilo 0-0: Ball
1-0: Foul Ball, location: 2F
1-1: Ball
2-1: Fly out, F9 (Flyball, 9S)
Batting: RHB Robert Acosta 0-0: Called Strike
0-1: DOUBLE (Line Drive, 89S)
Batting: RHB Troy Reed 0-0: Called Strike
0-1: Ball
1-1: Called Strike
1-2: Ball
2-2: Ball
3-2: Strikes out looking
Top of the 5th over - 0 run(s), 1 hit(s), 0 error(s), 1 left on base; Wisconsin Rapids 1 - Manhatten 1
BOTTOM OF THE 5TH
Manhatten Meatheads batting - Pitching for Wisconsin Rapids Rangers : LHP George Moore
Batting: RHB Denver Baker 0-0: Ground out 5-3 (Groundball, 56S)
Batting: SHB Vitaliano Capuana 0-0: Ground out U3 (Groundball, 3)
Batting: RHB Greg Lee 0-0: Ground out 6-3 (Groundball, 6)
Bottom of the 5th over - 0 run(s), 0 hit(s), 0 error(s), 0 left on base; Wisconsin Rapids 1 - Manhatten 1
TOP OF THE 6TH
Wisconsin Rapids Rangers batting - Pitching for Manhatten Meatheads : LHP Juan Mendoza
Batting: SHB Ricardo Arévalo 0-0: Foul Ball, location: 2F
0-1: Ball
1-1: Ground out U3 (Groundball, 3S)
Batting: RHB Paul Richard 0-0: Ball
1-0: Called Strike
1-1: Ball
2-1: Foul Ball, location: 2F
2-2: Ball
3-2: Strikes out swinging
Batting: RHB Danny Campbell 0-0: Called Strike
0-1: Swinging Strike
0-2: Strikes out looking
Top of the 6th over - 0 run(s), 0 hit(s), 0 error(s), 0 left on base; Wisconsin Rapids 1 - Manhatten 1
BOTTOM OF THE 6TH
Manhatten Meatheads batting - Pitching for Wisconsin Rapids Rangers : LHP George Moore
Batting: RHB Juan Reyes 0-0: Ball
1-0: Foul Ball, location: 2F
1-1: Swinging Strike
1-2: Ball
2-2: Strikes out swinging
Batting: RHB Claudio Gonzáles 0-0: Ball
1-0: Called Strike
1-1: Ball
2-1: Fly out, F9 (Popup, 3D)
Batting: RHB Alfredo Díaz 0-0: Ball
1-0: Fly out, F7 (Line Drive, 78D)
Bottom of the 6th over - 0 run(s), 0 hit(s), 0 error(s), 0 left on base; Wisconsin Rapids 1 - Manhatten 1
TOP OF THE 7TH
Wisconsin Rapids Rangers batting - Pitching for Manhatten Meatheads : LHP Juan Mendoza
Pitching: LHP Aaron Gibbs
Batting: RHB John Denton 0-0: Ball
1-0: Ball
2-0: Ball
3-0: Base on Balls
Batting: RHB Dick Slagboom 0-0: Ball
1-0: Foul Ball, location: 2F
1-1: Ball
2-1: Ball
3-1: Foul Ball, location: 2F
3-2: Strikes out swinging
Batting: LHB Alex Henderson 0-0: Ball
1-0: Called Strike
1-1: Ball
2-1: Called Strike
2-2: Foul Ball, location: 2F
2-2: Foul Ball, location: 2F
2-2: Ball
3-2: Foul Ball, location: 2F
3-2: Fly out, F5 (Popup, 5DF)
Batting: RHB Cherles Vilo 0-0: Ball
1-0: Ball
2-0: Foul Ball, location: 2F
2-1: Called Strike
2-2: Hit by Pitch
John Denton to second
Batting: RHB Robert Acosta 0-0: Ball
1-0: Ball
2-0: Ball
3-0: Base on Balls
John Denton to third
Cherles Vilo to second
Batting: RHB Troy Reed 0-0: Ball
1-0: Ball
2-0: Called Strike
2-1: Fly out, F4 (Popup, 4)
Top of the 7th over - 0 run(s), 0 hit(s), 0 error(s), 3 left on base; Wisconsin Rapids 1 - Manhatten 1
BOTTOM OF THE 7TH
Manhatten Meatheads batting - Pitching for Wisconsin Rapids Rangers : LHP George Moore
Batting: RHB Doug Coleman 0-0: Called Strike
0-1: Fly out, F7 (Flyball, 7M)
Batting: SHB Kent Phillips 0-0: Fly out, F3 (Popup, 3SF)
Pinch Hitting: RHB Mark McDonald 0-0: Ball
1-0: Ball
2-0: Fly out, F2 (Popup, 2RF)
Bottom of the 7th over - 0 run(s), 0 hit(s), 0 error(s), 0 left on base; Wisconsin Rapids 1 - Manhatten 1
TOP OF THE 8TH
Wisconsin Rapids Rangers batting - Pitching for Manhatten Meatheads : LHP Aaron Gibbs
Now in CF: Mark McDonald
Batting: SHB Ricardo Arévalo 0-0: Ball
1-0: Ball
2-0: Ball
3-0: Called Strike
3-1: Called Strike
3-2: Foul Ball, location: 2F
3-2: Strikes out looking
Pitching: RHP Víctor Viña
Batting: RHB Paul Richard 0-0: SINGLE (Line Drive, 56)
Batting: RHB Danny Campbell 0-0: Ball
1-0: Foul Ball, location: 2F
1-1: Called Strike
Paul Richard steals 2nd base
1-2: Strikes out swinging
Batting: RHB John Denton 0-0: Ball
1-0: Ball
2-0: Fly out, F3 (Popup, 3)
Top of the 8th over - 0 run(s), 1 hit(s), 0 error(s), 1 left on base; Wisconsin Rapids 1 - Manhatten 1
BOTTOM OF THE 8TH
Manhatten Meatheads batting - Pitching for Wisconsin Rapids Rangers : LHP George Moore
Pitching: RHP Jorge Flores
Pinch Hitting: RHB Júlio Galló 0-0: Ball
1-0: Foul Ball, location: 2F
1-1: Foul Ball, location: 2F
1-2: Ball
2-2: Foul Ball, location: 2F
2-2: Strikes out swinging
Batting: SHB Vitaliano Capuana 0-0: Called Strike
0-1: Called Strike
0-2: Ground out 4-3 (Groundball, 34)
Batting: RHB Greg Lee 0-0: Fly out, F9 (Flyball, 89M)
Bottom of the 8th over - 0 run(s), 0 hit(s), 0 error(s), 0 left on base; Wisconsin Rapids 1 - Manhatten 1
TOP OF THE 9TH
Wisconsin Rapids Rangers batting - Pitching for Manhatten Meatheads : RHP Víctor Viña
Pitching: LHP Pedro Cruz
Now at SS: Júlio Galló
Batting: RHB Dick Slagboom 0-0: Foul Ball, location: 2F
0-1: Ball
1-1: SINGLE (Groundball, 56)
Pinch Runner at 1st Kevin Smith:
Batting: LHB Alex Henderson 0-0: Ball
1-0: Foul Ball, location: 2F
1-1: Ball
2-1: Foul Ball, location: 2F
2-2: Foul Ball, location: 2F
2-2: Ball
3-2: Strikes out swinging
Kevin Smith steals 2nd base
Batter strikes out.
Batting: RHB Cherles Vilo 0-0: Ball
1-0: Ball
2-0: Foul Ball, location: 2F
2-1: Ball
Kevin Smith steals 3rd base
3-1: Base on Balls
Batting: RHB Robert Acosta 0-0: Ball
1-0: Ball
2-0: Swinging Strike
2-1: Foul Ball, location: 2F
2-2: Fly out, F9 (Line Drive, 89M)
Runner from 3rd tags up, SCORES, no throw
Batting: RHB Troy Reed 0-0: SINGLE (Groundball, 34) (infield hit)
Cherles Vilo to second
Batting: SHB Ricardo Arévalo 0-0: DOUBLE (Flyball, 89XD)
Cherles Vilo scores
Troy Reed to third
Runner from 3rd tries for Home, SAFE, no throw or cutoff
Batting: RHB Paul Richard 0-0: Ball
1-0: Called Strike
1-1: Ball
2-1: DOUBLE (Groundball, 5L)
Ricardo Arévalo scores
Pitching: RHP Carlos Montés
Batting: RHB Danny Campbell 0-0: Ball
1-0: Foul Ball, location: 2F
1-1: Foul Ball, location: 2F
1-2: Ball
2-2: SINGLE (Groundball, 4M)
Paul Richard to third
Runner from 3rd tries for Home, SAFE, no throw or cutoff
Batting: RHB John Denton 0-0: Ball
Danny Campbell steals 2nd base
1-0: Called Strike
1-1: Called Strike
1-2: Foul Ball, location: 2F
1-2: Strikes out swinging
Top of the 9th over - 5 run(s), 5 hit(s), 0 error(s), 1 left on base; Wisconsin Rapids 6 - Manhatten 1
BOTTOM OF THE 9TH
Manhatten Meatheads batting - Pitching for Wisconsin Rapids Rangers : RHP Jorge Flores
Now at C: Kevin Smith
Now at 1B: Ramón Córdova
Batting: RHB Juan Reyes 0-0: Ball
1-0: Called Strike
1-1: Swinging Strike
1-2: Strikes out swinging
Batting: RHB Claudio Gonzáles 0-0: Ball
1-0: Fly out, F3 (Popup, 3F)
Batting: RHB Alfredo Díaz 0-0: Foul Ball, location: 2F
0-1: Ball
1-1: Fly out, F5 (Line Drive, 5)
Bottom of the 9th over - 0 run(s), 0 hit(s), 0 error(s), 0 left on base; Wisconsin Rapids 6 - Manhatten 1
This league is powered by Out of the Park Baseball, the baseball management simulation game for PC, Mac and Linux
Saturday, April 9th, 2016 - OOTP Baseball 16.8 Build 38